 Dungeon Crawl Stone Soup version 0.25.1-2-g60ff931df9 (webtiles) character file.

Game seed: 2549707461837074773

14347 Ijustatesigmund the Cleaver (level 11, 0/116 HPs)
             Began as a Minotaur Fighter on Aug 18, 2020.
             Was an Elder of Cheibriados.
             Killed from afar by a catoblepas (2 damage)
             ... with a blast of calcifying dust
             ... in a Gauntlet.
             The game lasted 00:21:49 (10635 turns).

Ijustatesigmund the Cleaver (Minotaur Fighter)     Turns: 10635, Time: 00:21:50

Health: 0/116      AC: 13    Str: 29    XL:     11   Next: 87%
Magic:  15/15      EV: 10    Int: 16    God:    Cheibriados [****..]
Gold:   439        SH:  0    Dex: 23    Spells: 10/10 levels left

rFire    . . .     SeeInvis +   a - +2 war axe (flame)
rCold    . . .     Gourm    .   c - +1 kite shield
rNeg     . . .     Faith    .   b - +0 chain mail
rPois    .         Spirit   .   (helmet restricted)
rElec    .         Reflect  .   v - +0 cloak
rCorr    .         Harm     .   (no gloves)
MR       .....     NoTele   +   e - +0 pair of boots
Stlth    ..........             A - amulet of regeneration
HPRegen  0.69/turn              l - ring of see invisible
MPRegen  0.14/turn              y - +4 ring of evasion

@: mighty, vulnerable, petrifying (expiring), very slightly contaminated,
slowed, invisible, very slow
A: retaliatory headbutt, horns 2, talons 1, thin skeletal structure 1, robust 1
a: Bend Time, Temporal Distortion, Slouch, Renounce Religion


You were in a Gauntlet.
You worshipped Cheibriados.
Cheibriados was greatly pleased with you.
You were not hungry.

You visited 2 branches of the dungeon, and saw 13 of its levels.
You also visited: Gauntlet.

You collected 596 gold pieces.
You spent 157 gold pieces at shops.

Inventory:

Hand Weapons
 a - a +2 war axe of flaming (weapon)
 g - a +1 antimagic broad axe
Armour
 b - a +0 chain mail (worn)
 c - a +1 kite shield (worn)
 e - a +0 pair of boots (worn)
 v - a +0 cloak (worn)
Jewellery
 i - an uncursed ring of ice
 l - a ring of see invisible (left hand)
 t - an uncursed ring of resist corrosion
 u - an uncursed ring of ice
 y - a +4 ring of evasion (right hand)
 A - an amulet of regeneration (around neck)
Wands
 k - a wand of acid (19)
 o - a wand of disintegration (13)
 s - a wand of iceblast (10)
 z - a wand of digging (4)
 B - a wand of clouds (6)
Scrolls
 h - 4 scrolls of remove curse
 p - 4 scrolls of identify
 r - 3 scrolls of teleportation
 G - a scroll of enchant armour
Potions
 j - a potion of invisibility
 n - a potion of lignification
 q - 5 potions of mutation
 w - a potion of brilliance
 x - a potion of flight
 C - a potion of degeneration {unknown}
 F - a potion of berserk rage {unknown}
Comestibles
 f - 22 rations


   Skills:
 + Level 12.8 Fighting
 + Level 12.9 Axes
 - Level 7.3 Armour
 - Level 5.6 Dodging
 - Level 7.3 Shields
 + Level 7.8 Invocations


You had 10 spell levels left.
You didn't know any spells.
Your spell library contained the following spells:

 Spells                   Type           Power        Failure   Level  Hunger
 Animate Skeleton         Necr           N/A          97%         1    ##.....
 Beastly Appendage        Tmut           #.....       97%         1    ##.....
 Pain                     Necr           #...         97%         1    ##.....
 Sandblast                Erth           #.....       97%         1    ##.....
 Passwall                 Tmut/Erth      #.......     99%         2    ###....
 Sticks to Snakes         Tmut           #.......     99%         2    ###....
 Spider Form              Tmut/Pois      #.........   100%        3    ####...
 Stone Arrow              Conj/Erth      #.....       100%        3    ####...
 Vampiric Draining        Necr           #.........   100%        3    ####...
 Animate Dead             Necr           N/A          100%        4    #####..
 Ice Form                 Ice/Tmut       #.......     100%        4    #####..
 Petrify                  Tmut/Erth      #.......     100%        4    #####..
 Agony                    Necr           #.......     100%        5    ######.
 Blade Hands              Tmut           #.........   100%        5    ######.
 Lee's Rapid Deconstruct  Erth           #.........   100%        5    ######.


Dungeon Overview and Level Annotations

Branches:
Dungeon (12/15)            Temple (1/1) D:7            Lair (0/6) D:10
    Orc (0/2) D:10        Gauntlet (1/1)

Altars:
Ashenzari
Cheibriados
Elyvilon
Fedhas
Nemelex Xobeh
Ru
Uskayaw
Vehumet
Yredelemnul

Shops:
D:5 ?

Annotations:
D:9 2 runed translucent doors, stil's ghost, novice MfSu Gauntlet 4 transporters


Innate Abilities, Weirdness & Mutations

You reflexively headbutt those who attack you in melee.
You have a pair of horns on your head.
You have sharp toenails.
You have a somewhat thin skeletal structure. (Dex +2, Stealth)
You are robust. (+10% HP)


Message History

Magic quickly surges around you.
It was a scroll of vulnerability.
You are engulfed in calcifying dust.
You are slowing down.
The catoblepas gores you but does no damage.
The two-headed hydra completely misses you.
You furiously retaliate!
You headbutt the two-headed hydra! The two-headed hydra misses you.
The torpor snail barely misses you. You furiously retaliate!
You headbutt the torpor snail. The catoblepas barely misses you.
You feel very mighty all of a sudden.
You are engulfed in calcifying dust.
Your limbs have turned to stone.
The two-headed hydra bites you. The two-headed hydra barely misses you.
The catoblepas breathes a plume of calcifying dust at you.
The blast of calcifying dust hits you.
* * * LOW HITPOINT WARNING * * *
The two-headed hydra bites you but does no damage. x2
The torpor snail closely misses you.
The catoblepas breathes a plume of calcifying dust at you.
The blast of calcifying dust hits you.
You die...

.....# #≈###≈
.∩.8.∩..#≈≈≈#≈
.............
###.########
?.#.# )#©#= #
#.#.#.#.#.# .≈≈
#.#.#.#.#.#.#.≈#
#W###.Y#D#..#.##
W#.#.#@#.#.#.≈#
.#.#.#w#D#.#.≈≈
W#.#..#.#..#.≈#
##.#########.##
.......©#....≈#
8.8.8.8.#.8..≈≈
.......©#....≈#
############.##
x#.###[©...#.≈##


You could see a catoblepas (vulnerable), a two-headed hydra (vulnerable), a
torpor snail (vulnerable) and a shadow.

Vanquished Creatures
  A hydra (D:12)
  Fannar (D:11)
  Harold (D:7)
  2 two-headed ogres
  Erica (D:9)
  An unseen horror (D:12)
  An ugly thing (D:11)
  Maurice (D:9)
  An ice statue (Gauntlet)
  3 gargoyles
  A rime drake (Gauntlet)
  An efreet (D:10)
  2 trolls
  Grinder (D:5)
  A meliai zombie (D:12)
  Sigmund (D:5)
  A wyvern (D:8)
  3 hogs (D:7)
  A basilisk (D:10)
  7 yaks
  A human (D:7)
  2 hungry ghosts
  Menkaure (D:7)
  4 porcupines (D:10)
  An ice beast (D:8)
  A hornet zombie (D:9)
  5 orc warriors
  2 sky beasts
  2 phantoms
  4 ogres
  3 centaurs
  2 big kobolds
  3 crocodiles
  3 bullfrogs
  2 scorpions
  8 wights
  5 howler monkeys
  4 crimson imps
  2 jellies (D:7)
  2 orc priests
  7 hounds
  7 orc wizards
  Crazy Yiuf (D:7)
  A bullfrog skeleton (D:6)
  A centaur skeleton (D:9)
  2 iguanas
  5 worker ants
  A killer bee zombie (D:10)
  A hound zombie (D:8)
  A hound skeleton (D:10)
  A worker ant zombie (D:8)
  A gnoll (D:4)
  11 adders
  A shadow imp (D:7)
  An adder zombie (D:5)
  An adder skeleton (D:9)
  6 worms
  A dart slug (D:2)
  7 leopard geckos
  43 orcs
  12 bats
  6 giant cockroaches
  16 goblins
  8 hobgoblins
  A jackal (D:4)
  3 quokkas
  5 frilled lizards
  A jackal skeleton (D:8)
  10 kobolds
  A leopard gecko skeleton (D:5)
  9 rats
261 creatures vanquished.

Vanquished Creatures (others)
  A fungus (D:10)
  5 plants (D:10)
6 creatures vanquished.

Grand Total: 267 creatures vanquished

Notes
Turn   | Place    | Note
-------+----------+-------------------------------------------
     0 | D:1      | Ijustatesigmund the Minotaur Fighter began the quest for
                  | the Orb.
     0 | D:1      | Reached XP level 1. HP: 19/19 MP: 0/0
   247 | D:1      | Reached XP level 2. HP: 11/27 MP: 1/1
  1249 | D:2      | Reached XP level 3. HP: 28/33 MP: 2/2
  1421 | D:2      | Found a faded altar of an unknown god.
  1770 | D:2      | Reached XP level 4. HP: 31/41 MP: 3/3
  2278 | D:2      | Reached skill level 5 in Axes
  2682 | D:3      | Gained mutation: You have a somewhat thin skeletal
                  | structure. (Dex +2, Stealth) [potion of mutation]
  2682 | D:3      | Gained mutation: You have sharp toenails. [potion of
                  | mutation]
  2682 | D:3      | Gained mutation: You are robust. (+10% HP) [potion of
                  | mutation]
  2799 | D:3      | Reached XP level 5. HP: 46/51 MP: 4/4
  3281 | D:4      | Reached skill level 5 in Fighting
  3281 | D:4      | Reached skill level 1 in Dodging
  3450 | D:4      | You fall into a shaft and drop 2 floors!
  3459 | D:5      | Entered Level 5 of the Dungeon
  3469 | D:5      | Noticed a centaur
  3473 | D:5      | Noticed Sigmund
  3478 | D:5      | Killed a centaur
  3478 | D:5      | Reached XP level 6. HP: 50/61 MP: 5/5
  3493 | D:5      | Killed Sigmund
  3666 | D:4      | Reached XP level 7. HP: 64/68 MP: 6/6
  3715 | D:4      | Reached skill level 5 in Armour
  3715 | D:4      | Reached skill level 5 in Shields
  4642 | D:5      | Reached XP level 8. HP: 71/78 MP: 7/7
  4750 | D:5      | Found Lac Qajy's Magic Scroll Shop.
  4754 | D:5      | Noticed Grinder
  4759 | D:5      | Paralysed by Grinder for 6 turns
  4771 | D:5      | Killed Grinder
  4878 | D:5      | Bought a scroll of identify for 30 gold pieces
  4878 | D:5      | Bought a scroll of identify for 30 gold pieces
  4878 | D:5      | Bought a scroll of teleportation for 45 gold pieces
  4878 | D:5      | Bought a scroll of magic mapping for 52 gold pieces
  5770 | D:7      | Noticed Menkaure
  5772 | D:7      | Found a staircase to the Ecumenical Temple.
  5777 | D:7      | Killed Menkaure
  6125 | D:7      | Reached skill level 5 in Dodging
  6128 | D:7      | Reached XP level 9. HP: 86/86 MP: 8/8
  6170 | D:7      | Noticed Harold
  6187 | D:7      | Killed Harold
  6320 | D:7      | Found a runed translucent door.
  6321 | D:7      | Noticed Crazy Yiuf
  6331 | D:7      | Killed Crazy Yiuf
  6930 | Temple   | Entered the Ecumenical Temple
  6939 | Temple   | Became a worshipper of Cheibriados the Contemplative
  6977 | D:8      | Reached skill level 1 in Invocations
  7176 | D:8      | Reached XP level 10. HP: 94/101 MP: 10/10
  7360 | D:8      | Reached skill level 10 in Axes
  7696 | D:8      | Reached * piety under Cheibriados
  7880 | D:9      | Reached skill level 10 in Fighting
  7994 | D:9      | Found a large runed translucent door.
  7994 | D:9      | Found a large runed translucent door.
  7994 | D:9      | Noticed stil's ghost (novice MfSu)
  7998 | D:9      | Found a shattered altar of Ashenzari.
  8111 | D:9      | Noticed a two-headed ogre
  8118 | D:9      | Killed a two-headed ogre
  8242 | D:9      | Noticed Maurice
  8251 | D:9      | Killed Maurice
  8386 | D:9      | Reached ** piety under Cheibriados
  8836 | D:9      | Noticed Erica
  8845 | D:9      | Killed Erica
  8906 | D:9      | Reached skill level 5 in Invocations
  8983 | D:10     | Entered Level 10 of the Dungeon
  9030 | D:10     | Reached XP level 11. HP: 94/112 MP: 12/14
  9048 | D:10     | Reached *** piety under Cheibriados
  9088 | D:10     | Found a staircase to the Lair.
  9589 | D:10     | Found a staircase to the Orcish Mines.
  9688 | D:11     | Noticed Fannar
  9718 | D:11     | Killed Fannar
 10104 | D:11     | Noticed a red ugly thing
 10109 | D:11     | Killed a red ugly thing
 10265 | D:11     | Noticed a two-headed ogre
 10270 | D:11     | Killed a two-headed ogre
 10353 | D:12     | Reached **** piety under Cheibriados
 10379 | D:12     | Found a gate leading to a gauntlet.
 10383 | D:12     | Noticed an unseen horror
 10383 | D:12     | Noticed a six-headed hydra
 10390 | D:12     | Killed an unseen horror
 10393 | D:12     | Killed a two-headed hydra
 10400 | Gauntlet | Entered a Gauntlet
 10400 | Gauntlet | Found a transporter.
 10400 | Gauntlet | Found a transporter.
 10404 | Gauntlet | Found a transporter.
 10404 | Gauntlet | Noticed a catoblepas
 10405 | Gauntlet | Found a transporter.
 10408 | Gauntlet | Found a transporter.
 10408 | Gauntlet | Found a transporter.
 10473 | Gauntlet | HP: 5/116 [something (17)]
 10616 | Gauntlet | Found a transporter.
 10616 | Gauntlet | Found a transporter.
 10617 | Gauntlet | Noticed a four-headed hydra
 10617 | Gauntlet | Noticed a catoblepas
 10623 | Gauntlet | Found a transporter.
 10632 | Gauntlet | HP: 5/116 [torpor snail (8)]
 10633 | Gauntlet | HP: 1/116 [catoblepas (5)]
 10635 | Gauntlet | Killed from afar by a catoblepas

Illustrated notes

Levels and vault maps discovered:
D:1:      tarquinn_simple_flora_water_d, layout_basic
D:2:      minmay_diamond_boxcup, layout_basic, chequers_ecumenical_altar_island,
          minmay_tromino_v4_a
D:3:      layout_loops_ring, minmay_pentomino_pile
D:4:      layout_basic, first_ration, supply_closet_lemuel, minivault_27,
          minmay_fractal_squares_5
D:5:      layout_cave_pods, serial_shops, shop_scrolls, uniq_grinder,
          uniq_sigmund
D:6:      layout_loops_ring
D:7:      layout_basic, minmay_temple_entry_mist, hex_medium, grunt_livestock,
          hangedman_abyss_or_decor_passed, uniq_harold, uniq_crazy_yiuf_cottage,
          uniq_menkaure
D:8:      layout_basic, kennysheep_generic_room_9
D:9:      layout_stronghold, overflow_temple_1_default,
          ebering_ghost_disaster_area, serial_bayou_crossing, uniq_erica,
          uniq_maurice
D:10:     layout_basic, minmay_lair_entry_grove, orc_0_dummy
D:11:     layout_roguey, uniq_fannar
D:12:     layout_big_octagon, gauntlet_entry_generic, nrook_mini_backslash,
          due_unseen_surprise
Temple:   grunt_wide_crystal_templ
Gauntlet: minmay_gauntlet_77_indecision [minmay_gauntlet_arena_77_squiggly,
          minmay_gauntlet_arena_77_tiled_triplets,
          minmay_gauntlet_arena_77_p_blocks, minmay_gauntlet_arena_77_path,
          minmay_gauntlet_arena_77_braids, minmay_gauntlet_arena_77_shame_cube,
          gauntlet_exit_green]

Skill      XL: |  1  2  3  4  5  6  7  8  9 10 11 |
---------------+----------------------------------+-----
Axes           | 3 4 5 6 7 9 11 12 | 12.9
Fighting       | 4 5 6 7 9 11 12 | 12.8
Dodging        | 1 2 3 5 |  5.6
Armour         | 4 5 6 7 |  7.3
Shields        | 4 5 6 7 |  7.3
Invocations    | 1 5 7 |  7.8

Action                   |  1- 3 |  4- 6 |  7- 9 | 10-12 || total
-------------------------+-------+-------+-------+-------++-------
Melee: War axe           |   107 |   164 |   195 |   267 ||   733
       Headbutt          |    13 |    21 |    44 |    84 ||   162
  Use: Scroll            |     3 |     4 |    10 |     5 ||    22
       Potion            |       |     2 |       |     6 ||     8
  Eat: Chunk             |     3 |     6 |    10 |     7 ||    26
       Ration            |       |       |     1 |       ||     1
Armor: Scale mail        |    31 |    64 |     7 |       ||   102
       Chain mail        |       |       |    51 |    68 ||   119
Dodge: Dodged            |    32 |    49 |    55 |   119 ||   255
Block: Kite shield       |    54 |   104 |    88 |   153 ||   399
